 Dungeon Crawl Stone Soup version 0.28-a0-1429-gf3d713df7a (webtiles) character file.

Game seed: 5559465429085381060

324 HallandMoats the Shield-Bearer (level 6, 0/48 HPs)
             Began as a Demonspawn Fighter on Jan 9, 2022.
             Slain by a mummy (1 damage)
             ... in an ossuary.
             The game lasted 00:04:10 (3593 turns).

HallandMoats the Shield-Bearer (Demonspawn Fighter) Turns: 3593, Time: 00:04:11

Health: 0/48       AC:  8    Str: 18    XL:     6   Next: 23%
Magic:  6/6        EV:  9    Int: 10    God:
Gold:   171        SH:  5    Dex: 12    Spells: 5/5 levels left

rFire   . . .      SeeInvis .   a - +0 war axe
rCold   . . .      Faith    .   c - +0 buckler
rNeg    . . .      Spirit   .   b - +0 scale mail
rPois   .          Reflect  .   (helmet restricted)
rElec   .          Harm     .   (no cloak)
rCorr   .          Rampage  .   j - +0 pair of gloves
Will    .....                   (no boots)
Stlth   ..........              (no amulet)
HPRegen 0.16/turn               (no ring)
MPRegen 0.10/turn               (no ring)

@: mighty, studying Air Magic
A: hooves 1, horns 2, spiny 1
a: no special abilities


You were in an ossuary.
You visited 1 branch of the dungeon, and saw 4 of its levels.
You also visited: Ossuary.

You collected 171 gold pieces.

Inventory:

Hand Weapons
 a - a +0 war axe (weapon)
 f - a +1 dagger of venom
Armour
 b - a +0 scale mail (worn)
 c - a +0 buckler (worn)
 j - a +0 pair of gloves (worn)
Jewellery
 e - a ring of fire
Wands
 l - a wand of charming (4)
Scrolls
 g - a scroll of fear
 h - a scroll of teleportation
 m - a scroll of identify
 n - a scroll of fog {unknown}
Potions
 d - a potion of might
 i - a potion of lignification
 k - a potion of ambrosia {unknown}


   Skills:
 + Level 3.9 Fighting
 + Level 2.8 Axes
 + Level 3.5 Armour
 + Level 2.0 Dodging
 * Level 4.3 Shields


You had 5 spell levels left.
You didn't know any spells.
Your spell library contained the following spells:

 Spells                   Type           Power      Damage    Failure   Level
 Shock                    Conj/Air       0%         1d3       83%         1
 Dazzling Flash           Conj/Hex       0%         N/A       99%         3
 Swiftness                Air            0%         N/A       99%         3
 Airstrike                Air            0%         N/A       100%        4
 Agony                    Necr           0%         N/A       100%        5
 Silence                  Hex/Air        0%         N/A       100%        5


Dungeon Overview and Level Annotations

Branches:
Dungeon (4/15)            Ossuary (1/1)
 Temple: D:4-7

Altars:
Nemelex Xobeh


Innate Abilities, Weirdness & Mutations

You have large cloven feet.
You have a pair of horns on your head.
You are partially covered in sharp spines.


Message History

You destroy the kobold zombie!
The mummy is struck by your spines. The mummy hits you!
The mummy is struck by your spines. The mummy hits you!
You are too injured to fight recklessly!
Unknown command.
You are too injured to fight recklessly!
Unknown command.
You are too injured to fight recklessly!
Unknown command.
You are too injured to fight recklessly!
Unknown command.
You are too injured to fight recklessly!
Unknown command.
You feel very mighty all of a sudden.
The kobold zombie is struck by your spines.
You destroy the kobold zombie!
The mummy is struck by your spines.
You destroy the mummy!
The mummy is struck by your spines. The mummy barely misses you.
You slash the mummy!
You destroy the mummy!
Your Dodging skill increases to level 2!
You slash the orc zombie!
You destroy the orc zombie! 2 mummies come into view.
The mummy hits you.
* * * LOW HITPOINT WARNING * * *
You barely miss the mummy. Your kick misses the mummy. You slash the mummy!
Your headbutt misses the mummy.
The mummy is almost destroyed.
You block the mummy's attack.
You closely miss the mummy. You kick the mummy, but do no damage.
You headbutt the mummy.
You destroy the mummy!
The mummy hits you!
* * * LOW HITPOINT WARNING * * *
You slash the mummy! Your kick misses the mummy.
The mummy is severely damaged.
The mummy is struck by your spines. The mummy hits you.
You die...

#### ...## .. ####
....## .... ##..##
.....#
....##....##.....#
.................#
........M@......#
..............##
+##........##+#
##......##
##....## #....#
#....# #....#
#....#


You could see a mummy.

Vanquished Creatures
  A jelly (D:4)
  Jessica (D:3)
  Ijyb (D:3)
  An orc wizard (D:3)
  A hound skeleton (D:4)
  5 mummies (Ossuary)
  4 adders
  A worm (D:3)
  2 dart slugs (D:1)
  4 orcs (D:3)
  7 bats
  7 endoplasms
  8 giant cockroaches
  12 goblins
  2 hobgoblins
  6 quokkas
  8 ball pythons
  6 frilled lizards
  A gnoll zombie (Ossuary)
  2 hobgoblin zombies (Ossuary)
  6 kobolds
  2 kobold zombies (Ossuary)
  3 orc zombies (Ossuary)
  7 rats
98 creatures vanquished.

Notes
Turn   | Place    | Note
-------+----------+-------------------------------------------
     0 | D:1      | HallandMoats the Demonspawn Fighter began the quest for the
                  | Orb.
     0 | D:1      | Reached XP level 1. HP: 18/18 MP: 1/1
   150 | D:1      | Gained mutation: You are partially covered in sharp spines.
                  | [demonic ancestry]
   150 | D:1      | Reached XP level 2. HP: 20/24 MP: 2/2
   207 | D:1      | Reached skill level 3 in Shields
   641 | D:1      | Found a faded altar of an unknown god.
   886 | D:1      | Discovered your monstrous ancestry.
   886 | D:1      | Gained mutation: You have large cloven feet. [demonic
                  | ancestry]
   886 | D:1      | Reached XP level 3. HP: 29/29 MP: 3/3
  1307 | D:2      | Reached skill level 1 in Dodging
  1656 | D:2      | Gained mutation: You have a pair of small horns on your
                  | head. [demonic ancestry]
  1656 | D:2      | Reached XP level 4. HP: 29/35 MP: 4/4
  2564 | D:3      | Noticed Ijyb
  2574 | D:3      | Killed Ijyb
  2640 | D:3      | Noticed Jessica
  2644 | D:3      | Killed Jessica
  2645 | D:3      | Reached XP level 5. HP: 39/41 MP: 5/5
  2931 | D:3      | Found a sparkling altar of Nemelex Xobeh.
  2982 | D:3      | Reached skill level 4 in Shields
  3507 | D:4      | Found a sand-covered staircase.
  3520 | Ossuary  | Entered an ossuary
  3574 | Ossuary  | Gained mutation: You have a pair of horns on your head.
                  | [demonic ancestry]
  3574 | Ossuary  | Reached XP level 6. HP: 43/48 MP: 6/6
  3592 | Ossuary  | HP: 1/48 [mummy (13)]
  3593 | Ossuary  | Slain by a mummy

Illustrated notes

Levels and vault maps discovered:
D:1:      dpeg_arrival_chambers_temple_mockup, layout_basic,
          chequers_ecumenical_altar_simple
D:2:      layout_basic, roderic_lattice_a
D:3:      layout_loops_ring, nemelex_spade_bored_becter,
          nicolae_elevator_lobby_plus, uniq_ijyb, uniq_jessica
D:4:      kennysheep_kobold_camp, layout_rooms, nicolae_ossuary_entry_ruins
Ossuary:  ossuary_tomb_3

Skill      XL: |  1  2  3  4  5  6 |
---------------+-------------------+-----
Shields        | 3 4 |  4.3
Axes           | 2 |  2.8
Armour         | 3 |  3.5
Dodging        | 1 2 |  2.0
Fighting       | |  3.9

Action                   |  1- 3 |  4- 6 || total
-------------------------+-------+-------++-------
Melee: War axe           |    25 |    12 ||    37
       Dagger            |    53 |    86 ||   139
       Kick              |     9 |    25 ||    34
       Headbutt          |       |    15 ||    15
  Use: Scroll            |       |     3 ||     3
       Potion            |       |     1 ||     1
Armor: Scale mail        |    23 |    30 ||    53
Dodge: Dodged            |    34 |    24 ||    58
Block: Buckler           |    18 |    19 ||    37

Table legend: (Time is in decaauts)
 A = Elapsed time spent in this place.
 B = Non-inter-level travel time spent in this place.
 C = Inter-level travel time spent in this place.
 D = Time resting spent in this place.
 E = Time spent auto-exploring this place.
 F = Levels seen in this place.
 G = Mean time per level.
                   A        B        C        D        E       F      G
               +--------+--------+--------+--------+--------+-----+--------+
         Total |   3612 |   3517 |     95 |      0 |   2975 |   5 |  722.4 |
       Dungeon |   3534 |   3439 |     95 |      0 |   2943 |   4 |  883.5 |
       Ossuary |     77 |     77 |      0 |      0 |     32 |   1 |   77.0 |
               +--------+--------+--------+--------+--------+-----+--------+

Top non-repeatable levels by time:
     D:2: 1261 daAuts
     D:1: 1253 daAuts
     D:3: 954 daAuts
 Ossuary: 77 daAuts
     D:4: 65 daAuts
